 Dungeon Crawl Stone Soup version 0.26-a0-831-g7192265339 (webtiles) character file.

Game seed: 1366795261397652003

4 strifetoe the Skirmisher (level 1, 0/14 HPs)
             Began as a Gargoyle Monk on Nov 15, 2020.
             Slain by a giant cockroach (1 damage)
             ... on level 1 of the Dungeon.
             The game lasted 00:00:18 (162 turns).

strifetoe the Skirmisher (Gargoyle Monk)             Turns: 162, Time: 00:00:19

Health: 0/14       AC:  4    Str: 14    XL:     1   Next: 70%
Magic:  1/1        EV: 12    Int: 10    God:
Gold:   0          SH:  0    Dex: 12    Spells: 0/0 levels left

rFire    . . .     SeeInvis .   a - +0 hand axe
rCold    . . .     Faith    .   (no shield)
rNeg     + . .     Spirit   .   b - +0 robe
rPois    ∞         Reflect  .   (no helmet)
rElec    +         Harm     .   (no cloak)
rCorr    .         Rampage  .   (no gloves)
MR       .....                  (no boots)
Stlth    ++........             (no amulet)
HPRegen  0.04/turn              (no ring)
MPRegen  0.07/turn              (no ring)

@: no status effects
A: negative energy resistance 1, electricity resistance, unbreathing,
petrification resistance, rot immunity, AC +2
a: no special abilities


You were on level 1 of the Dungeon.
You visited 1 branch of the dungeon, and saw 1 of its levels.

Inventory:

Hand Weapons
 a - a +0 hand axe (weapon)
Armour
 b - a +0 robe (worn)


   Skills:
 - Level 3.2 Fighting
 + Level 3.0 Axes
 - Level 2.4 Dodging
 - Level 2.1 Stealth


You couldn't memorise any spells.
You didn't know any spells.
Your spell library was empty.

Dungeon Overview and Level Annotations

Branches:
Dungeon (1/15)

Altars:


Innate Abilities, Weirdness & Mutations

You are resistant to torment.
Your stone body is resilient. (AC +2)
You are immune to poison.
You resist negative energy. (rN+)
You are resistant to electric shocks. (rElec)
You can survive without breathing.
You are immune to petrification.
You are immune to rotting.


Message History

The frilled lizard bites you but does no damage.
You barely miss the frilled lizard.
The frilled lizard bites you but does no damage.
The frilled lizard closely misses you.
You hit the frilled lizard.
You kill the frilled lizard!
The rat misses you.
A goblin comes into view. It is wielding a +0 club.
Found a dagger.
A hobgoblin comes into view. It is wielding a +0 club.
A leopard gecko comes into view.
You see here a smoky white potion.
Found an escape hatch in the floor.
Found a stone staircase leading down.
A giant cockroach comes into view.
The giant cockroach barely misses you. x2
Found a scroll labelled VIHEAFROCS and a leather armour.
The giant cockroach bites you.
* * * LOW HITPOINT WARNING * * *
The giant cockroach bites you.
You die...

#.# #... .# #.# #..#
##.##. ###.# #..# ##..)#.
...#.##..####......
#..#...).....).....
#######..#####.####......
......#$.#####.#####....g
#.........†.........#
#.##.#.@#####'#####.#
......†.B#PPP#.#PPP#.#
(#.##.#..#P⌠P#(#P⌠P#.#
#[##.#.r#PPP#.#PPP#.#
........#####.#####.## #
......>g+....<....+..#.#
?.......#####.#####...g#
........#PPP#.#PPP#.####
........#P⌠P#.#P⌠P#.#


You could see a giant cockroach, a hobgoblin and a rat.

Vanquished Creatures
  A leopard gecko (D:1)
  A frilled lizard (D:1)
  2 kobolds (D:1)
4 creatures vanquished.

Notes
Turn   | Place    | Note
-------+----------+-------------------------------------------
     0 | D:1      | strifetoe the Gargoyle Monk began the quest for the Orb.
     0 | D:1      | Reached XP level 1. HP: 14/14 MP: 1/1
   162 | D:1      | Slain by a giant cockroach

Illustrated notes

Levels and vault maps discovered:
D:1:      beargit_arrival_greenhouse, layout_loops_ring, nrook_mini_backslash

Skill      XL: |  1 |
---------------+----+-----
Axes           | 3 |  3.0
Fighting       | |  3.2
Dodging        | |  2.4
Stealth        | |  2.1

Action                   || total
-------------------------++-------
Melee: Hand axe          ||    19
Armor: Robe              ||     7
Dodge: Dodged            ||    17

Table legend: (Time is in decaauts)
 A = Elapsed time spent in this place.
 B = Non-inter-level travel time spent in this place.
 C = Inter-level travel time spent in this place.
 D = Time resting spent in this place.
 E = Time spent auto-exploring this place.
 F = Levels seen in this place.
 G = Mean time per level.
                   A        B        C        D        E       F      G
               +--------+--------+--------+--------+--------+-----+--------+
         Total |    164 |    164 |      0 |      0 |     87 |   1 |  164.0 |
       Dungeon |    164 |    164 |      0 |      0 |     87 |   1 |  164.0 |
               +--------+--------+--------+--------+--------+-----+--------+

Top non-repeatable levels by time:
     D:1: 164 daAuts
